 Dungeon Crawl Stone Soup version 0.29.1-13-g9f3cf754e1 (webtiles) character file.

Game seed: 8396616627534127168

3252 croobank the Covert (level 9, 0/62 HPs)
             Began as an Octopode Delver on Feb 8, 2023.
             Slain by a yak (11 damage)
             ... on level 9 of the Dungeon.
             The game lasted 00:22:48 (11656 turns).

croobank the Covert (Octopode Delver)              Turns: 11656, Time: 00:22:49

Health: 0/62       AC:  2    Str: 12    XL:     9   Next: 99%
Magic:  5/5        EV: 15    Int: 16    God:
Gold:   584        SH:  0    Dex: 13    Spells: 9/16 levels left

rFire   . . .      SeeInvis .   D - +6 executioner's axe (antimagic)
rCold   . . .      Faith    .   (shield currently unavailable)
rNeg    + . .      Spirit   .   (helmet restricted)
rPois   .          Reflect  .   (no amulet)
rElec   .          Harm     .   j - ring of wizardry
rCorr   .          Rampage  .   o - ring of positive energy
Will    .....      Clarity  +   (no ring)
Stlth   +++++.....              (no ring)
HPRegen 0.20/turn               (no ring)
MPRegen 0.09/turn               (no ring)
                                (no ring)
                                (no ring)

@: studying 2 skills
A: almost no armour, amphibious, 8 rings, camouflage 1, gelatinous body 1,
(nimble swimmer 1), tentacles, clarity, shaggy fur 1, subdued magic 1
a: no special abilities


You were on level 9 of the Dungeon.
You visited 2 branches of the dungeon, and saw 10 of its levels.

You collected 584 gold pieces.

Inventory:

Hand Weapons
 a - the +7 long sword of the Thirsty Knaves {flame, rElec Will+ Str+3}
   (You found it on level 5 of the Dungeon)

   It burns those it strikes, dealing additional fire damage.
   Big, fiery blades are also staple armaments of hydra-hunters.
   Str:       It affects your strength (+3).
   rElec:     It insulates you from electricity.
   Will:      It increases your willpower.
 b - the +10 sling of Pibesi {venom, +Blink rElec}
   (You found it on level 5 of the Dungeon)

   Any ammunition fired from it poisons the flesh of those it strikes.
   rElec:     It insulates you from electricity.
   +Blink:    It lets you blink.
 m - a +1 vampiric short sword
 z - a +1 short sword of protection
 B - a +0 sling
 D - a +6 antimagic executioner's axe (weapon)
 H - a +2 long sword of freezing
 J - a +1 hand axe of venom
 K - a +5 war axe of electrocution
 M - a +0 scimitar
Missiles
 i - 13 boomerangs (quivered)
 t - 5 curare-tipped darts
 N - 6 poisoned darts
Magical Staves
 k - a staff of death
 n - a staff of poison
 r - a staff of cold
Jewellery
 j - a ring of wizardry (left tentacle)
 o - a ring of positive energy (right tentacle)
Wands
 f - a wand of digging (2)
 p - a wand of quicksilver (1)
 w - a wand of flame (22)
 E - a wand of paralysis (8)
 L - a wand of mindburst (22)
Scrolls
 c - 5 scrolls of magic mapping
 d - 2 scrolls of teleportation
 e - a scroll of fog
 g - 3 scrolls of enchant armour
 h - 2 scrolls of poison
 l - 2 scrolls of immolation
 q - a scroll of identify
 u - a scroll of butterflies
 x - a scroll of fear
 y - 4 scrolls of vulnerability
 A - 2 scrolls of blinking
 I - a scroll of silence
Potions
 s - 3 potions of curing
 v - a potion of cancellation
 C - 2 potions of ambrosia
 F - a potion of flight


   Skills:
 + Level 6.0 Fighting
 + Level 7.2 Axes
 + Level 5.6 Dodging
 + Level 10.0 Stealth
 + Level 7.2 Unarmed Combat
 + Level 4.3 Spellcasting
 + Level 0.5 Hexes
 + Level 4.8 Summonings
 + Level 0.6 Translocations


You had 9 spell levels left.
You knew the following spells:

 Your Spells              Type           Power      Damage    Failure   Level
a - Ensorcelled Hibernat  Hex/Ice        6%         N/A       8%          2
b - Summon Forest         Summ/Tloc      4%         N/A       45%         5

Your spell library contained the following spells:

 Spells                   Type           Power      Damage    Failure   Level
 Summon Small Mammal      Summ           56%        N/A       1%          1
 Passwall                 Tmut/Erth      1%         N/A       9%          2
 Frozen Ramparts          Ice            4%         1d1       16%         3
 Ignite Poison            Fire/Tmut/Pois 2%         N/A       16%         3
 Mephitic Cloud           Conj/Pois/Air  2%         N/A       16%         3
 Spider Form              Tmut/Pois      2%         N/A       16%         3
 Swiftness                Air            2%         N/A       16%         3
 Summon Ice Beast         Ice/Summ       8%         N/A       21%         4
 Anguish                  Hex/Necr       1%         N/A       45%         4
 Ice Form                 Ice/Tmut       2%         N/A       47%         4
 Freezing Cloud           Conj/Ice/Air   1%         6-21      82%         5
 Dispersal                Tloc           2%         N/A       99%         6
 Conjure Ball Lightning   Conj/Air       1%         3x3d6     100%        6
 Storm Form               Tmut/Air       1%         N/A       100%        7
 Disjunction              Tloc           2%         N/A       100%        8


Dungeon Overview and Level Annotations

Branches:
Dungeon (9/15)             Temple (1/1) D:4
   Lair: D:8-11         Orc: D:9-12

Altars:
Cheibriados
Dithmenos
Elyvilon
Hepliaklqana
Kikubaaqudgha
Makhleb
Nemelex Xobeh
Qazlal
Ru
Sif Muna
Uskayaw
Vehumet
Wu Jian
Xom
Zin

Shops:
D:4 =


Innate Abilities, Weirdness & Mutations

You cannot wear most types of armour.
You are amphibious.
You can wear up to eight rings at the same time.
Your skin changes colour to match your surroundings (Stealth+).
Your rubbery body absorbs attacks. (AC +1, EV +1)
((You are camouflaged when in or above water. (Stealth+)))
You have tentacles for arms and can constrict up to eight enemies at once.
You possess an exceptional clarity of mind.
You are covered in fur. (AC +1)
Your spells are a little easier to cast, but a little less powerful.


Message History

You see here a +0 halberd.
There is a stone staircase leading down here.
You climb downwards.
The yak bellows! x3
Found 13 gold pieces.
There is a stone staircase leading up here.
There are monsters nearby!
The yak closely misses you.
You climb upwards.
There is a stone staircase leading down here.
You slash the yak! You burn the yak. You tentacle-slap the yak!
You squeeze the yak, but do no damage.
The yak is heavily wounded.
The yak barely misses you.
You hit the yak. You burn the yak. You squeeze the yak.
The yak is severely wounded.
The yak misses you.
You barely miss the yak. You squeeze the yak.
The yak is severely wounded.
The yak completely misses you. The yak gores you.
You barely miss the yak.
The yak is severely wounded.
The yak barely misses you.
You hit the yak. You burn the yak. You squeeze the yak.
You kill the yak!
Your Stealth skill increases to level 10!
No target in view!
The +7 long sword of the Thirsty Knaves {flame, rElec Will+ Str+3} stops flaming.
You feel magic leave you.
D - a +6 antimagic executioner's axe (weapon)
You climb downwards.
The yak closely misses you. The yak barely misses you. The yak gores you! x2
There is a stone staircase leading up, spattered with blood here.
You slice the yak!!
The yak is heavily wounded.
You barely miss the yak. You hit the yak. You slash the yak! The yak gores you.
The yak gores you!
* * * LOW HITPOINT WARNING * * *
The yak gores you!
You die...

..# # #.#
##. #.# ..#
#.# #
...... .#
#.#.##..#
#.YY....#
#.Y@#
#..Y...#
##..##.....
Y... ....
..... ...
....... ..
.....### .
.$.###


You could see 5 yaks.

Vanquished Creatures
  Grinder (D:4)
  A yak (D:8)
  2 steam dragons
  A water moccasin (D:7)
  A sky beast (D:7)
  An orc warrior (D:6)
  2 ice beasts
  A black bear (D:4)
  3 centaurs
  2 kobold brigands
  A phantom (D:3)
  3 bullfrogs (D:8)
  2 necrophages
  2 scorpions
  7 wights
  2 jellies
  4 hounds
  4 orc priests
  4 iguanas
  7 orc wizards
  Ijyb (D:3)
  A mummy (D:8)
  7 adders
  4 river rats (D:5)
  2 shadow imps
  4 ufetubi
  4 worms
  4 dart slugs
  20 orcs
  4 ball pythons
  6 bats
  7 endoplasms
  A giant cockroach (D:1)
  5 goblins
  6 hobgoblins
  4 quokkas
  6 frilled lizards
  A hobgoblin zombie (D:8)
  18 kobolds
  A kobold zombie (D:8)
  2 orc zombies (D:8)
  9 rats
168 creatures vanquished.

Vanquished Creatures (others)
  A fungus (D:5)
1 creature vanquished.

Grand Total: 169 creatures vanquished

Notes
Turn   | Place    | Note
-------+----------+-------------------------------------------
     0 | D:5      | croobank the Octopode Delver began the quest for the Orb.
     0 | D:5      | Reached XP level 1. HP: 16/16 MP: 1/1
     0 | D:5      | Noticed Grinder
    13 | D:5      | Noticed an iguana
    66 | D:4      | Found Gusotol's Jewellery Emporium.
    82 | D:3      | Got Gafruw's Atlas of Summoned Gusts
   208 | D:3      | Noticed an orc wizard
   239 | D:3      | Reached skill level 1 in Unarmed Combat
   239 | D:3      | Reached XP level 2. HP: 21/21 MP: 2/2
   464 | D:3      | Noticed Ijyb
   716 | D:2      | Reached XP level 3. HP: 22/26 MP: 3/3
  1189 | D:1      | Reached skill level 7 in Stealth
  1743 | D:1      | Reached XP level 4. HP: 31/31 MP: 4/4
  1959 | D:2      | Found a faded altar of an unknown god.
  2413 | D:2      | Identified a scroll of acquirement
  2413 | D:2      | Acquired a manual of Axes
  2505 | D:3      | Reached skill level 1 in Spellcasting
  2505 | D:3      | Reached skill level 1 in Summonings
  2859 | D:3      | Reached XP level 5. HP: 27/36 MP: 6/6
  3591 | D:4      | Noticed a phantom
  3619 | D:3      | Killed a phantom
  3623 | D:3      | Gained mutation: You possess an exceptional clarity of
                  | mind. [potion of mutation]
  3623 | D:3      | Gained mutation: Your spells are a little easier to cast,
                  | but a little less powerful. [potion of mutation]
  3623 | D:3      | Gained mutation: You are covered in fur. (AC +1) [potion of
                  | mutation]
  4010 | D:4      | Noticed a black bear
  4017 | D:4      | Killed a black bear
  4018 | D:4      | Reached XP level 6. HP: 43/43 MP: 8/8
  4043 | D:4      | Found a staircase to the Ecumenical Temple.
  4052 | Temple   | Entered the Ecumenical Temple
  4115 | D:4      | Noticed a steam dragon
  4269 | D:4      | Killed a steam dragon
  4270 | D:4      | Reached XP level 7. HP: 48/48 MP: 9/9
  5252 | D:5      | Paralysed by Grinder for 2 turns
  5369 | D:4      | Killed Grinder
  5370 | D:4      | Reached skill level 8 in Stealth
  5731 | D:5      | Identified the +7 long sword of the Thirsty Knaves {flame,
                  | rElec Will+ Str+3}
  5737 | D:5      | Reached XP level 8. HP: 54/54 MP: 11/11
  6100 | D:3      | Killed Ijyb
  6590 | D:5      | Identified the +10 sling of Pibesi {venom, +Blink rElec}
  6709 | D:5      | Reached skill level 5 in Axes
  6709 | D:5      | Reached skill level 5 in Unarmed Combat
  6962 | D:6      | Acquired a +6 antimagic executioner's axe
  7045 | D:6      | Found a hide-covered altar of Uskayaw.
  7350 | D:6      | Reached skill level 5 in Fighting
  7550 | D:6      | Reached skill level 9 in Stealth
  7559 | D:6      | Reached XP level 9. HP: 22/61 MP: 14/14
  7919 | D:6      | Found an ornate altar of the Wu Jian Council.
  8203 | D:6      | Found a glowing silver altar of Zin.
  9042 | D:7      | Reached skill level 5 in Dodging
 10082 | D:7      | Found a snail-covered altar of Cheibriados.
 10133 | D:7      | Found a large runed translucent door.
 10134 | D:7      | Found a large runed translucent door.
 10150 | D:7      | Found a sparkling altar of Nemelex Xobeh.
 10170 | D:7      | Found a stormy altar of Qazlal.
 10568 | D:8      | Learned a level 2 spell: Ensorcelled Hibernation
 11159 | D:8      | Learned a level 5 spell: Summon Forest
 11459 | D:8      | Found a radiant altar of Vehumet.
 11468 | D:8      | Found an ancient bone altar of Kikubaaqudgha.
 11477 | D:8      | Found a shimmering blue altar of Sif Muna.
 11494 | D:8      | Got Sif Muna's Volume of the Swarm
 11653 | D:8      | Reached skill level 10 in Stealth
 11656 | D:9      | Slain by a yak

Illustrated notes

Levels and vault maps discovered:
D:1:      matt_arrival_grand_opening, layout_basic, grunt_decor_cap
D:2:      layout_loops_cross, dilly_ecumenical_altar_fadedgnrine,
          hangedman_abyss_or_decor_lesser_grid
D:3:      layout_basic, kennysheep_nub, kennysheep_generic_room_12, uniq_ijyb
D:4:      layout_loops_ring, minmay_temple_entry_enclosed_plants, serial_shops,
          shop, skrybe_limestone_x
D:5:      layout_cave_pools, lightli_sewer_entry_pipes,
          dreamdust_mushroom_princess, uniq_grinder
D:6:      layout_basic, nzn_wu_jian_council_hall, nicolae_uskayaw_dance_studio,
          zin_treasury, grunt_ministairs_13, chequers_arboretum, kennysheep_dice
D:7:      layout_basic, cheibriados_altar_1, jmf_multi_god_temple2
D:8:      layout_basic, palyth_temple_overflow_mages, minmay_mini_ossuary
D:9:      layout_loops_ring, erik_lair_island, serial_shops, shop,
          minmay_misc_feat_iff
Temple:   nicolae_temple_stand_before_the_council

Skill      XL: |  1  2  3  4  5  6  7  8  9 |
---------------+----------------------------+-----
Unarmed Combat | 1 2 3 4 5 7 |  7.2
Stealth        | 7 8 9 10 | 10.0
Spellcasting   | 1 2 3 4 |  4.3
Summonings     | 1 2 3 4 |  4.8
Dodging        | 3 4 5 |  5.6
Axes           | 3 4 5 7 |  7.2
Fighting       | 4 5 6 |  6.0
Hexes          | |  0.5
Translocations | |  0.6

Action                   |  1- 3 |  4- 6 |  7- 9 || total
-------------------------+-------+-------+-------++-------
Melee: Hand axe          |    60 |    80 |    53 ||   193
       Constrict         |    15 |    15 |    43 ||    73
       Tentacles         |    11 |    20 |    46 ||    77
       Punch             |       |     1 |    11 ||    12
       Long sword        |       |       |   144 ||   144
       Executioner's axe |       |       |     1 ||     1
 Fire: Sling             |       |       |    41 ||    41
Throw: Boomerang         |       |    10 |     6 ||    16
       Dart              |       |     4 |     5 ||     9
Evoke: Wand              |       |       |     8 ||     8
  Use: Scroll            |     1 |     7 |    12 ||    20
       Potion            |     1 |     4 |     2 ||     7
 Stab: Sleeping          |    12 |    11 |    24 ||    47
       Distracted        |       |     1 |       ||     1
       Paralysed         |       |       |     3 ||     3
Armor: Skin              |     6 |     4 |    17 ||    27
Dodge: Dodged            |    35 |    45 |   169 ||   249
